 Dungeon Sprint DCSS version 0.30-a0-374-g95c0257040 (webtiles) character file.

Game seed: 11786491102759704739

67 rocky1 the Trooper (level 4, -1/66 HPs)
             Began as a Hill Orc Fighter on Nov 27, 2022.
             Succumbed to a killer bee's poison
             ... in the Dungeon (Sprint VII: "The Pits").
             The game lasted 00:00:27 (36 turns).

rocky1 the Trooper (Hill Orc Fighter)                 Turns: 36, Time: 00:00:28

Health: -1/66      AC:  7    Str: 20    XL:     4   Next: 18%
Magic:  4/4        EV:  9    Int:  8    God:
Gold:   0          SH:  5    Dex: 10    Spells: 3/3 levels left

rFire   . . .      SeeInvis .    a - +0 war axe
rCold   . . .      Faith    .    c - +0 buckler
rNeg    . . .      Spirit   .    b - +0 scale mail
rPois   .          Reflect  .    (no helmet)
rElec   .          Harm     .    (no cloak)
rCorr   .          Rampage  .    (no gloves)
Will    .....      NoTele   +    (no boots)
Stlth   ..........               (no amulet)
HPRegen 0.31/turn                (no ring)
MPRegen 0.09/turn                (no ring)

@: berserking (expiring), lethally poisoned (-1 -> -14), very quick
A: no striking features
a: no special abilities


You were in the Dungeon.
You visited 1 branch

Inventory:

Hand Weapons
 a - a +0 war axe (weapon)
Armour
 b - a +0 scale mail (worn)
 c - a +0 buckler (worn)
Scrolls
 j - a scroll of blinking
Potions
 d - a potion of might
 e - a potion of curing
 f - a potion of heal wounds
 g - a potion of haste
 h - 2 potions of magic


   Skills:
 + Level 6.2 Fighting
 + Level 4.2 Axes
 + Level 5.7 Armour
 + Level 5.5 Shields


You had 3 spell levels left.
You didn't know any spells.
Your spell library was empty.

Dungeon Overview and Level Annotations

Branches:
Dungeon (1/1)

Altars:


Message History

There is an open door to the Entrance Hall (Safe), spattered with blood here.
Things that are here:
a +0 whip; 7 poisoned darts; a kobold corpse You slash the killer bee!
The killer bee is severely wounded.
You closely miss the killer bee. The killer bee stings you.
You are poisoned.
The killer bee poisons you! The killer bee barely misses you. x2
The killer bee stings you!
You are more poisoned.
The killer bee poisons you!
You are too injured to fight recklessly!
Unknown command.
You closely miss the killer bee.
The killer bee is severely wounded.
You miss the killer bee.
You feel very sick. You block the killer bee's attack.
The killer bee stings you.
* * * LOW HITPOINT WARNING * * *
Unknown command.
You miss the killer bee.
The killer bee is severely wounded.
You hit the killer bee.
You feel sick. You block the killer bee's attack. The killer bee stings you.
* * * LOW HITPOINT WARNING * * *
You are lethally poisoned!
The killer bee poisons you! The killer bee stings you!
* * * LOW HITPOINT WARNING * * *
You block the killer bee's attack.
You closely miss the killer bee.
The killer bee is severely wounded.
You barely miss the killer bee.
* * * LOW HITPOINT WARNING * * *
You feel very sick. The killer bee stings you.
* * * LOW HITPOINT WARNING * * *
You miss the killer bee.
The killer bee is moderately wounded.
You barely miss the killer bee.
You die...

##########++######
#................#
#......#..#......#
#................+
+................+
#....y.#..#......#
#...yy...........#
####@#####''######
#.......##++#
#.......##..#
#.......##..#
#...<...##..#
#.......##..#
#.......##yK#
#.......##..y
#########


You could see 3 killer bees.

Vanquished Creatures
  A kobold brigand (D)
1 creature vanquished.

Notes
Turn   | Place    | Note
-------+----------+-------------------------------------------
     0 | D        | rocky1 the Hill Orc Fighter began the quest for the Orb.
     0 | D        | Reached XP level 1. HP: 19/19 MP: 1/1
    12 | D        | Noticed a kobold brigand
    12 | D        | Noticed a killer bee
    12 | D        | Noticed a killer bee
    30 | D        | Killed a kobold brigand
    31 | D        | Reached skill level 6 in Fighting
    31 | D        | Reached skill level 5 in Armour
    31 | D        | Reached skill level 5 in Shields
    31 | D        | Reached XP level 2. HP: 23/30 MP: 2/2
    31 | D        | Reached XP level 3. HP: 28/37 MP: 3/3
    31 | D        | Reached XP level 4. HP: 34/44 MP: 4/4
    35 | D        | HP: 3/66 [poisoned by a killer bee]
    36 | D        | Succumbed to a killer bee's poison

Illustrated notes

Levels and vault maps discovered:
D:        pitsprint [storerooms_1, entrance_room_1, metal_vault_3, armoury_3,
          mini_pit_1, grid_room_1, main_hall_1, silver_pit, the_coven_1,
          the_vestibule_1, steel_vault_1, golden_pit, hallway_of_sentries,
          crystal_vault_1, iron_vault_3, final_vault]

Skill      XL: |  1 |
---------------+----+-----
Fighting       | 6 |  6.2
Axes           | 4 |  4.2
Armour         | 5 |  5.7
Shields        | 5 |  5.5

Action                   |  1- 3 |  4- 6 || total
-------------------------+-------+-------++-------
Melee: War axe           |     2 |     5 ||     7
  Use: Potion            |     1 |       ||     1
Armor: Scale mail        |       |     2 ||     2
Dodge: Dodged            |       |     2 ||     2
Block: Buckler           |       |     4 ||     4

Table legend: (Time is in decaauts)
 A = Elapsed time spent in this place.
 B = Non-inter-level travel time spent in this place.
 C = Inter-level travel time spent in this place.
 D = Time resting spent in this place.
 E = Time spent auto-exploring this place.
 F = Levels seen in this place.
 G = Mean time per level.
                   A        B        C        D        E       F      G
               +--------+--------+--------+--------+--------+-----+--------+
         Total |     35 |     35 |      0 |      7 |     12 |   1 |   35.0 |
       Dungeon |     35 |     35 |      0 |      7 |     12 |   1 |   35.0 |
               +--------+--------+--------+--------+--------+-----+--------+

Top non-repeatable levels by time:
       D: 35 daAuts
